 Dungeon Crawl Stone Soup version 0.25-a0-10-g2fe12d4386 (webtiles) character file.

Game seed: 270537733090274706, levelgen mode: deterministic

19190 Chiseanne the Destroyer (level 12, -10/74 HPs)
             Began as a Demonspawn Wizard on Oct 15, 2019.
             Was a High Priest of Vehumet.
             Mangled by a slime creature (19 damage)
             ... on level 13 of the Dungeon.
             The game lasted 01:02:26 (17618 turns).

Chiseanne the Destroyer (Demonspawn Wizard)        Turns: 17618, Time: 01:02:27

Health: -10/74     AC:  9    Str: 16    XL:     12   Next: 34%
Magic:  11/28      EV: 12    Int: 25    God:    Vehumet [*****.]
Gold:   1601       SH:  8    Dex: 11    Spells: 18/36 levels left

rFire    . . .     SeeInvis +   a - +7 short sword of Ophoyss {protect, Str+8}
rCold    + . .     Gourm    .   (no shield)
rNeg     . . .     Faith    .   Q - +1 robe {Archmagi}
rPois    .         Spirit   .   M - +2 helmet
rElec    .         Reflect  .   f - +1 cloak
rCorr    .         Harm     .   (no gloves)
MR       +....                  U - +0 pair of boots
Stlth    ++........             p - amulet of magic regeneration
HPRegen  0.22/turn              t - ring of protection from magic
MPRegen  0.46/turn              G - ring of see invisible

@: very slightly contaminated
A: talons 2, large bone plates 3, cold resistance 1, powered by death 1
a: Renounce Religion


You were on level 13 of the Dungeon.
You worshipped Vehumet.
Vehumet was extremely pleased with you.
You were very hungry.

You visited 1 branch of the dungeon, and saw 13 of its levels.
You also visited: Bailey.

You collected 1601 gold pieces.

Inventory:

Hand Weapons
 a - the +7 short sword of Ophoyss (weapon) {protect, Str+8}
   (You found it in a bailey)

   It grants its wielder temporary protection when it strikes (+7 to AC).
   It affects your strength (+8).
 b - a +2 dagger of venom
 d - a +4 scimitar of flaming
 s - a +2 short sword of speed
 O - a +3 club {** Badass Ugly Stick **}
Missiles
 c - 25 poisoned darts (quivered)
 g - 373 stones
 j - 317 arrows
 k - 15 boomerangs
 D - 10 javelins
 H - 57 bolts
 N - 8 sling bullets
Armour
 f - a +1 cloak (worn)
 i - a +0 troll leather armour
 l - a +1 robe of positive energy
 C - a +1 leather armour of cold resistance
 M - a +2 helmet (worn)
 Q - a +1 robe of the Archmagi (worn)
 U - a +0 pair of boots (worn)
Jewellery
 p - an amulet of magic regeneration (around neck)
 t - a ring of protection from magic (left hand)
 G - a ring of see invisible (right hand)
 L - an uncursed ring of wizardry {unknown}
Wands
 F - a wand of paralysis (1)
Scrolls
 q - a scroll of remove curse
 z - a scroll of immolation
 I - 2 scrolls of enchant armour
 K - 2 scrolls of vulnerability
 T - 2 scrolls of blinking
Potions
 e - a potion of brilliance {unknown}
 m - 2 potions of heal wounds
 n - 2 potions of might
 o - 7 potions of flight
 r - 3 potions of magic
 v - a potion of agility {unknown}
 w - 2 potions of cancellation
 x - 3 potions of lignification
 A - a potion of berserk rage
 B - 6 potions of curing
Comestibles
 h - 2 chunks of flesh
 E - 23 rations


   Skills:
 - Level 1.7 Dodging
 - Level 1.7 Stealth
 - Level 12.7 Spellcasting
 - Level 13.4 Conjurations
   Level 1.0 Summonings
 - Level 0.8 Translocations
 + Level 3.2 Earth Magic
 - Level 5.1 Poison Magic


You had 18 spell levels left.
You knew the following spells:

 Your Spells              Type           Power        Failure   Level  Hunger
a - Magic Dart            Conj           ####         0%          1    None
b - Blink                 Tloc           N/A          4%          2    None
c - Conjure Flame         Conj/Fire      ######..     1%          3    None
d - Mephitic Cloud        Conj/Pois/Air  ######..     1%          3    None
e - Olgreb's Toxic Radia  Pois           ######..     1%          4    None
f - Lee's Rapid Deconstr  Erth           #####.....   7%          5    ###....

Your spell library contained the following spells:

 Spells                   Type           Power        Failure   Level  Hunger
 Call Imp                 Summ           ####....     3%          2    None
 Slow                     Hex            ###.....     5%          2    None


Dungeon Overview and Level Annotations

Branches:
Dungeon (13/15)            Temple (0/1) D:7            Lair (0/6) D:10
    Orc (0/2) D:9          Bailey (visited)
 Vaults: D:13-14

Altars:
Ashenzari
Cheibriados
Dithmenos
Elyvilon
Fedhas
Gozag
Kikubaaqudgha
Makhleb
Okawaru
Qazlal
Sif Muna
Trog
Vehumet
Wu Jian
Xom
Yredelemnul
Zin

Annotations:
D:6 1 runed translucent door, Xerberus86's ghost, novice HuBe
D:7 Harold


Innate Abilities, Weirdness & Mutations

You have razor-sharp toenails.
You are completely covered in large bone plates. (SH +8)
Your flesh is cold resistant. (rC+)
You regenerate a little health from kills.


Message History

A jelly comes into view.
The centaur warrior is engulfed in noxious fumes.
The centaur warrior appears confused.
The centaur warrior is engulfed in noxious fumes.
The centaur warrior appears confused.
The centaur warrior hits you but does no damage.
You barely miss the centaur warrior.
The centaur warrior is moderately wounded.
The centaur warrior is engulfed in noxious fumes.
The centaur warrior appears confused.
Really walk into that cloud of noxious fumes?
You are engulfed in noxious fumes.
You choke on the stench!
You are confused.
* * * LOW HITPOINT WARNING * * *
The centaur warrior is engulfed in noxious fumes. x2
The centaur warrior appears confused.
The centaur warrior hits you.
* * * LOW HITPOINT WARNING * * *
You feel less confused. The slime creature hits you!!
You die...

#..# #..# #.
#..# #..# #..
#..# #..#
#..####..####..#
...............#
.....J.☼°......#
#.....°.○####..#
#.....°c.# #..#
#......@(# #..#
#.......J####..#
.........J.....#
.............†.#
........#####÷.#
......J.# #..#
........# #..#
........# #J.#
....... J..#


You could see 3 slime creatures, a centaur warrior (confused) and a jelly.

Vanquished Creatures
  A hydra (D:12)
  Erica (D:8)
  5 two-headed ogres
  Pikel (D:5)
  2 ugly things
  Maurice (D:8)
  A centaur zombie (D:12)
  3 kobold demonologists
  2 ice devils (D:12)
  3 trolls
  4 slime creatures
  2 hippogriffs
  A shadow (D:10)
  2 wyverns
  A vampire (D:9)
  A wraith (D:11)
  2 yaks (D:10)
  3 hungry ghosts
  Menkaure (D:7)
  4 vampire mosquitoes (D:13)
  A water moccasin (D:11)
  Duvessa (D:5)
  3 sky beasts
  5 ice beasts
  9 orc warriors
  4 black bears
  4 slaves (D:5)
  2 phantoms
  A necrophage (D:11)
  15 centaurs
  4 ogres
  4 big kobolds
  7 bullfrogs
  Dowan (D:5)
  4 scorpions
  A wyvern skeleton (D:7)
  11 killer bees
  10 wights
  6 howler monkeys
  5 crimson imps
  2 bullfrog zombies
  2 bullfrog skeletons (D:5)
  8 hounds
  2 jellies
  2 centaur skeletons
  9 orc priests
  Jessica (D:2)
  5 iguanas
  14 orc wizards
  9 worker ants
  A hound zombie (D:8)
  19 adders
  12 gnolls
  8 shadow imps
  2 oozes
  An adder skeleton (D:5)
  3 adder zombies
  A worm (D:2)
  2 dart slugs (D:3)
  6 leopard geckos
  63 orcs
  2 giant cockroaches
  8 hobgoblins
  11 jackals
  5 quokkas
  8 bats
  6 frilled lizards
  7 goblins
  31 kobolds
  8 rats
  A fungus (D:10)
398 creatures vanquished.

Vanquished Creatures (others)
  3 fungi (D:10)
3 creatures vanquished.

Grand Total: 401 creatures vanquished

Notes
Turn   | Place    | Note
-------+----------+-------------------------------------------
     0 | D:1      | Chiseanne the Demonspawn Wizard began the quest for the
                  | Orb.
     0 | D:1      | Reached XP level 1. HP: 13/13 MP: 4/4
   445 | D:1      | Gained mutation: Your flesh is cold resistant. (rC+)
                  | [demonic ancestry]
   445 | D:1      | Reached XP level 2. HP: 19/19 MP: 0/6
  1374 | D:2      | Found a faded altar of an unknown god.
  1379 | D:2      | Reached skill level 2 in Conjurations
  1593 | D:2      | Noticed Jessica
  1596 | D:2      | Killed Jessica
  1596 | D:2      | Gained mutation: You regenerate a little health from kills.
                  | [demonic ancestry]
  1596 | D:2      | Reached XP level 3. HP: 24/24 MP: 4/8
  1680 | D:2      | Learned a level 2 spell: Blink
  1684 | D:2      | Learned a level 3 spell: Conjure Flame
  1688 | D:2      | Learned a level 3 spell: Mephitic Cloud
  2061 | D:2      | Gained mutation: You are partially covered in large bone
                  | plates. (SH +4) [demonic ancestry]
  2061 | D:2      | Reached XP level 4. HP: 13/30 MP: 0/9
  2348 | D:2      | Reached skill level 3 in Conjurations
  2546 | D:2      | Found an opulent altar of Gozag.
  2564 | D:2      | Found an opulent altar of Gozag.
  2564 | D:2      | Found a shimmering altar of Xom.
  2566 | D:2      | Found a basalt altar of Yredelemnul.
  2566 | D:2      | Found a white marble altar of Elyvilon.
  2566 | D:2      | Found a basalt altar of Yredelemnul.
  2805 | D:3      | Found a stormy altar of Qazlal.
  3447 | D:3      | Gained mutation: You are mostly covered in large bone
                  | plates. (SH +6) [demonic ancestry]
  3447 | D:3      | Reached XP level 5. HP: 26/35 MP: 5/11
  3537 | D:4      | Noticed a phantom
  3579 | D:4      | Killed a phantom
  3579 | D:4      | Reached skill level 5 in Spellcasting
  3579 | D:4      | Reached skill level 4 in Conjurations
  3579 | D:4      | Reached XP level 6. HP: 35/41 MP: 0/13
  4083 | D:5      | Entered Level 5 of the Dungeon
  4134 | D:5      | Reached skill level 5 in Conjurations
  4265 | D:5      | Gained mutation: You have sharp toenails. [demonic
                  | ancestry]
  4265 | D:5      | Reached XP level 7. HP: 46/46 MP: 12/15
  4277 | D:5      | Noticed Duvessa
  4293 | D:5      | Noticed Dowan
  4296 | D:5      | Killed Duvessa
  4306 | D:5      | Killed Dowan
  4340 | D:5      | Found a burning altar of Makhleb.
  4457 | D:5      | Noticed Pikel
  4476 | D:5      | Killed Pikel
  4476 | D:5      | Reached skill level 6 in Conjurations
  4476 | D:5      | Gained mutation: You have razor-sharp toenails. [demonic
                  | ancestry]
  4476 | D:5      | Reached XP level 8. HP: 37/52 MP: 5/18
  4602 | D:5      | Found a shimmering blue altar of Sif Muna.
  4693 | D:5      | Reached skill level 7 in Conjurations
  5041 | D:5      | Found a blossoming altar of Fedhas.
  5041 | D:5      | Found a snail-covered altar of Cheibriados.
  5094 | D:6      | Found a shimmering blue altar of Sif Muna.
  5141 | D:6      | Found an ancient bone altar of Kikubaaqudgha.
  5194 | D:6      | Found a radiant altar of Vehumet.
  5207 | D:6      | Became a worshipper of Vehumet
  5352 | D:6      | Noticed Xerberus86's ghost (novice HuBe)
  5354 | D:6      | Found a runed translucent door.
  5509 | D:6      | Reached skill level 8 in Conjurations
  5563 | D:6      | Found a bloodstained altar of Trog.
  5563 | D:6      | Found an iron altar of Okawaru.
  5729 | D:6      | Reached XP level 9. HP: 28/57 MP: 15/21
  6626 | D:7      | Noticed Menkaure
  6637 | D:7      | Killed Menkaure
  6761 | D:7      | Reached skill level 9 in Conjurations
  6770 | D:7      | Reached * piety under Vehumet
  6770 | D:7      | Offered knowledge of Sting by Vehumet.
  7092 | D:7      | Noticed Harold
  7216 | D:8      | Noticed Erica
  7216 | D:8      | Noticed a two-headed ogre
  7218 | D:8      | HP: 2/57 [something (5)]
  7691 | D:9      | Noticed a two-headed ogre
  7717 | D:9      | Killed a two-headed ogre
  7717 | D:9      | Reached skill level 10 in Conjurations
  7717 | D:9      | Reached XP level 10. HP: 48/63 MP: 12/23
  7874 | D:7      | Found a staircase to the Ecumenical Temple.
  8045 | D:7      | Reached ** piety under Vehumet
  8231 | D:7      | Offered knowledge of Throw Frost by Vehumet.
  8388 | D:7      | Found a shadowy altar of Dithmenos.
  8666 | D:7      | Found an ornate altar of the Wu Jian Council.
  8720 | D:7      | Reached skill level 10 in Spellcasting
  8908 | D:8      | Killed Erica
  9319 | D:8      | Offered knowledge of Static Discharge by Vehumet.
  9347 | D:8      | Noticed Maurice
  9369 | D:8      | Killed Maurice
  9369 | D:8      | Reached skill level 11 in Conjurations
  9493 | D:8      | Found an opulent altar of Gozag.
  9628 | D:8      | Killed a two-headed ogre
 10145 | D:9      | Reached *** piety under Vehumet
 10369 | D:9      | Found a staircase to the Orcish Mines.
 10438 | D:9      | Offered knowledge of Fulminant Prism by Vehumet.
 11015 | D:10     | Entered Level 10 of the Dungeon
 11152 | D:10     | Reached XP level 11. HP: 68/68 MP: 20/26
 11931 | D:10     | Reached skill level 12 in Conjurations
 12055 | D:10     | Reached **** piety under Vehumet
 12122 | D:10     | Offered knowledge of Olgreb's Toxic Radiance by Vehumet.
 12142 | D:10     | Learned a level 4 spell: Olgreb's Toxic Radiance
 12200 | D:10     | Reached skill level 1 in Poison Magic
 12318 | D:10     | Noticed a two-headed ogre
 12394 | D:10     | Found a staircase to the Lair.
 12601 | D:10     | Killed a two-headed ogre
 13552 | D:11     | Reached skill level 5 in Poison Magic
 13609 | D:11     | Reached ***** piety under Vehumet
 13658 | D:11     | Found a glowing silver altar of Zin.
 13675 | D:11     | Offered knowledge of Ozocubu's Refrigeration by Vehumet.
 13849 | D:11     | Found a flagged portal.
 13858 | Bailey   | Entered a bailey
 14085 | Bailey   | Got a translucent short sword
 14086 | Bailey   | Identified the +7 short sword of Ophoyss {protect, Str+8}
                  | (You found it in a bailey)
 14178 | Bailey   | Found an iron altar of Okawaru.
 14327 | D:11     | Noticed a cyan ugly thing
 14367 | D:11     | Killed a white ugly thing
 14578 | D:11     | Noticed a two-headed ogre
 14603 | D:11     | Killed a two-headed ogre
 15327 | D:12     | Noticed a two-headed ogre
 15343 | D:12     | Killed a two-headed ogre
 15923 | D:12     | Reached skill level 13 in Conjurations
 15957 | D:12     | Noticed a white ugly thing
 15969 | D:12     | Found a shattered altar of Ashenzari.
 15989 | D:12     | Killed a white ugly thing
 15989 | D:12     | Gained mutation: You are completely covered in large bone
                  | plates. (SH +8) [demonic ancestry]
 15989 | D:12     | Reached XP level 12. HP: 27/74 MP: 22/28
 15992 | D:12     | Noticed an eight-headed hydra
 16613 | D:12     | Killed an eight-headed hydra
 16904 | D:12     | Offered knowledge of Lee's Rapid Deconstruction by Vehumet.
 16911 | D:12     | Learned a level 5 spell: Lee's Rapid Deconstruction
 16939 | D:12     | Reached skill level 1 in Earth Magic
 17608 | D:13     | Noticed a centaur warrior
 17618 | D:13     | Mangled by a slime creature

Levels and vault maps discovered:
D:1:      dpeg_arrival_signposts, layout_basic,
          hangedman_abyss_or_decor_lesser_grid
D:2:      layout_basic, doesnt_xom_only_xom, chequers_ecumenical_altar_simple,
          first_ration, uniq_jessica
D:3:      layout_basic, lemuel_doored_altar
D:4:      layout_basic
D:5:      layout_loops_ring, bloody_makhleb, gammafunk_temple_overflow_wave,
          basic_altar, grunt_ministairs_7, uniq_pikel, uniq_duvessa
D:6:      minmay_polygon_palace, layout_basic, grunt_temple_overflow_bloody_war,
          palyth_temple_overflow_mages, hellmonk_ghost_happy_afterlife
D:7:      layout_gridville, gammafunk_temple_overflow_statue,
          minmay_temple_entry_trees, uniq_harold, uniq_menkaure
D:8:      layout_rooms, nicolae_gozag_seed_capital, uniq_maurice, uniq_erica
D:9:      layout_basic, hiddenorc1_lemuel
D:10:     layout_basic, grunt_lair_entry_orc_guard_hut, special_room
          [special_room_orc]
D:11:     layout_roguey, basic_altar, enter_bailey_7, uniq_nergalle
D:12:     layout_roguey, portal_ice_cave_demonic_guard, basic_altar
D:13:     layout_small_grid, david_vaults_1, enter_trove_2, uniq_urug

Skill      XL: |  1  2  3  4  5  6  7  8  9 10 11 12 |
---------------+-------------------------------------+-----
Conjurations   | 2 3 4 5 6 8 10 11 13 | 13.4
Spellcasting   | 4 5 6 8 9 11 12 | 12.7
Poison Magic   | 5 |  5.1
Earth Magic    | 3 |  3.2
Dodging        | |  1.7
Stealth        | |  1.7
Summonings     | |  1.0
Translocations | |  0.8

Action                   |  1- 3 |  4- 6 |  7- 9 | 10-12 || total
-------------------------+-------+-------+-------+-------++-------
Melee: Club              |     5 |       |       |       ||     5
       Short sword       |       |    12 |    61 |   194 ||   267
       Kick              |       |       |    14 |    31 ||    45
Throw: Dart              |       |       |     2 |       ||     2
 Cast: Magic Dart        |    81 |   169 |   316 |   883 ||  1449
       Mephitic Cloud    |       |       |    40 |    75 ||   115
       Conjure Flame     |       |       |    18 |    56 ||    74
       Blink             |       |       |     2 |    54 ||    56
       Olgreb's Toxic Ra |       |       |       |     7 ||     7
       Lee's Rapid Decon |       |       |       |    10 ||    10
Evoke: Wand              |       |       |     7 |    49 ||    56
  Use: Scroll            |     7 |     2 |     5 |    13 ||    27
       Potion            |       |       |     2 |     1 ||     3
 Stab: Confused          |       |       |     4 |     9 ||    13
       Paralysed         |       |       |       |     4 ||     4
  Eat: Chunk             |     3 |     7 |    11 |    28 ||    49
       Ration            |       |       |       |     1 ||     1
Armor: Robe              |     2 |    16 |    34 |    71 ||   123
       Skin              |       |       |    20 |       ||    20
Dodge: Dodged            |     3 |    36 |    88 |   166 ||   293
Block: Other             |       |    18 |    36 |   110 ||   164

Table legend:
 A = Non-vault XP
 B = Vault XP
 C = Vault XP percentage of total XP
 D = Non-vault monster count
 E = Vault monster count
 F = Vault count percentage of total count
                 A         B        C        D         E       F
            +---------+---------+-------+---------+---------+-------
      Total |   21844 |    5571 |  20.3 |     304 |      89 |  22.6
            +---------+---------+-------+---------+---------+-------
        D:1 |      25 |       0 |   0.0 |      15 |       0 |   0.0
        D:2 |      71 |      37 |  34.3 |      22 |       1 |   4.3
        D:3 |      73 |       0 |   0.0 |      15 |       0 |   0.0
        D:4 |     342 |       0 |   0.0 |      18 |       0 |   0.0
        D:5 |     484 |     883 |  64.6 |      15 |       5 |  25.0
        D:6 |     709 |     676 |  48.8 |      17 |      17 |  50.0
        D:7 |    1859 |     172 |   8.5 |      45 |       1 |   2.2
        D:8 |    1787 |    1351 |  43.1 |      19 |       2 |   9.5
        D:9 |    2093 |     224 |   9.7 |      23 |      16 |  41.0
       D:10 |    2431 |    1163 |  32.4 |      34 |      25 |  42.4
       D:11 |    5291 |      46 |   0.9 |      40 |       4 |   9.1
       D:12 |    5930 |     623 |   9.5 |      36 |       2 |   5.3
       D:13 |     749 |       0 |   0.0 |       5 |       0 |   0.0
     Bailey |       0 |     396 | 100.0 |       0 |      16 | 100.0
            +---------+---------+-------+---------+---------+-------
